 Dungeon Crawl Stone Soup version 0.28-a0-514-g0d7ab7f379 (webtiles) character file.

Game seed: 16415123465278747259

296 Spaninq the Chopper (level 6, 1/55 HPs)
             Began as a Hill Orc Abyssal Knight on Sept 22, 2021.
             Was a Believer of Lugonu.
             Quit the game on level 4 of the Dungeon.
             The game lasted 00:06:03 (4681 turns).

Spaninq the Chopper (Hill Orc Abyssal Knight)       Turns: 4681, Time: 00:06:03

Health: 1/55       AC:  7    Str: 15 (18) XL:     6   Next: 35%
Magic:  7/7        EV: 11    Int:  7 (10) God:    Lugonu [**....]
Gold:   115        SH:  4    Dex:  8 (11) Spells: 5/5 levels left

rFire   . . .      SeeInvis .   a - +1 hand axe
rCold   . . .      Faith    .   k - +0 buckler
rNeg    . . .      Spirit   .   b - +0 leather armour
rPois   .          Reflect  .   (no helmet)
rElec   .          Harm     .   (no cloak)
rCorr   .          Rampage  .   (no gloves)
Will    .....                   (no boots)
Stlth   +.........              (no amulet)
HPRegen 0.18/turn               e - +4 ring of protection
MPRegen 0.10/turn               (no ring)

@: no status effects
A: no striking features
a: Renounce Religion, Convert to Beogh, Depart the Abyss, Bend Space


You were on level 4 of the Dungeon.
You worshipped Lugonu.
Lugonu was pleased with you.
You visited 1 branch of the dungeon, and saw 4 of its levels.
You visited the Abyss 1 time.

You collected 115 gold pieces.

Inventory:

Hand Weapons
 a - a +1 hand axe (weapon)
Armour
 b - a +0 leather armour (worn)
 k - a +0 buckler (worn)
Jewellery
 e - a +4 ring of protection (left hand)
 f - a ring of ice
 j - a ring of wizardry
Scrolls
 c - a scroll of identify {unknown}
 d - a scroll of noise {unknown}
 h - a scroll of holy word {unknown}
 l - a scroll of blinking {unknown}
 m - a scroll of fear {unknown}
 p - a scroll of enchant armour {unknown}
 s - a scroll of enchant weapon {unknown}
Potions
 g - 2 potions of degeneration
 o - a potion of lignification


   Skills:
 + Level 4.9 Fighting
 * Level 5.9 Axes
 + Level 3.6 Armour
 - Level 0.7 Dodging
 * Level 2.6 Shields
 - Level 2.4 Invocations


You had 5 spell levels left.
You didn't know any spells.
Your spell library contained the following spells:

 Spells                   Type           Power      Damage    Failure   Level
 Frozen Ramparts          Ice            0%         1d2       90%         3
 Summon Guardian Golem    Hex/Summ       0%         N/A       90%         3
 Tukima's Dance           Hex            0%         N/A       90%         3
 Ice Form                 Ice/Tmut       0%         N/A       100%        4
 Passage of Golubria      Tloc           N/A        N/A       100%        4
 Summon Ice Beast         Ice/Summ       0%         N/A       100%        4
 Yara's Violent Unravell  Hex/Tmut       0%         3d3       100%        5
 Orb of Destruction       Conj           0%         N/A       100%        7
 Spellforged Servitor     Conj/Summ      0%         N/A       100%        7


Dungeon Overview and Level Annotations

Branches:
Dungeon (4/15)
 Temple: D:4-7

Altars:
Fedhas
Kikubaaqudgha
Sif Muna

Annotations:
D:2 1 runed translucent door, Crazy Yiuf


Message History

The orc priest's wounds heal themselves!
The orc priest invokes the aid of Beogh against you.
Beogh smites you!
* * * LOW HITPOINT WARNING * * *
It was a potion of attraction.
You feel attractive to monsters.
The orc priest hits you but does no damage.
It was a potion of cancellation.
Your magical effects are unravelling.
You feel magically purged.
You feel less wooden.
Your +0 leather armour unmelds from your body.
You feel yourself slow down.
You feel less attractive to monsters.
You feel better. The orc priest barely misses you.
You closely miss the orc priest. You block the orc priest's attack.
You closely miss the orc priest. The orc priest closely misses you.
You closely miss the orc priest.
The orc priest hits you but does no damage.
The orc priest shouts, "Join the one true god or die!"
You hit the orc priest but do no damage.
The orc priest shouts, "Surrender to Beogh and we'll let you live!"
You block the orc priest's attack.
You hit the orc priest but do no damage.
The orc priest hits you with a +0 war axe.
* * * LOW HITPOINT WARNING * * *
The orc priest looks braver for a moment.
You closely miss the orc priest.
The orc priest threatens, "By the altar or by the axe, you will meet Beogh!"
The orc priest shouts, "Surrender to Beogh and we'll let you live!"
The orc priest closely misses you.
The orc priest shouts, "Surrender to Beogh and we'll let you live!"
You hit the orc priest but do no damage.
The orc priest hits you with a +0 war axe.
* * * LOW HITPOINT WARNING * * *
An endoplasm comes into view.
The orc priest hits you with a +0 war axe.
* * * LOW HITPOINT WARNING * * *
Search for what [Enter for "armor", or ? for help]? armor Are you sure you want to abandon this character and quit the game? (Confirm with "yes".)

##### #...####
#......# #......#
#####......# ###
#..........#
.....###).........#
.....oo@).........##
.....###.###.......#
... #..###......# .
##.###......#####
...'......'....
J###.....†##### .#
#......# .. ..
#......# #....#.
######.#


You could see 2 orc priests and an endoplasm (wandering).

Vanquished Creatures
  An orc priest (D:4)
  3 hounds (D:4)
  4 gnolls (D:2)
  8 adders
  A shadow imp (D:3)
  2 worms
  3 orcs
  2 endoplasms
  2 giant cockroaches
  5 goblins
  7 hobgoblins
  2 jackals (D:2)
  6 kobolds
  3 quokkas
  6 ball pythons
  4 bats
  A frilled lizard (D:3)
  4 rats
64 creatures vanquished.

Vanquished Creatures (others)
  A quokka (D:4)
1 creature vanquished.

Grand Total: 65 creatures vanquished

Notes
Turn   | Place    | Note
-------+----------+-------------------------------------------
     0 | Abyss:1  | Spaninq the Hill Orc Abyssal Knight began the quest for the
                  | Orb.
     0 | Abyss:1  | Reached XP level 1. HP: 19/19 MP: 2/2
    26 | Abyss:1  | Noticed a lich
    28 | D:1      | Escaped the Abyss
   381 | D:1      | Reached skill level 3 in Axes
   676 | D:1      | Reached XP level 2. HP: 27/27 MP: 3/3
   877 | D:1      | Reached * piety under Lugonu
  1183 | D:2      | Reached XP level 3. HP: 17/33 MP: 4/4
  1502 | D:2      | Reached skill level 4 in Axes
  1771 | D:2      | Reached XP level 4. HP: 30/40 MP: 5/5
  1867 | D:2      | Found a runed translucent door.
  1868 | D:2      | Noticed Crazy Yiuf
  2840 | D:2      | Reached skill level 5 in Axes
  2878 | D:2      | Reached skill level 1 in Shields
  2878 | D:2      | Reached XP level 5. HP: 22/47 MP: 6/6
  3228 | D:3      | Found a blossoming altar of Fedhas.
  3229 | D:3      | Found a shimmering blue altar of Sif Muna.
  4088 | D:3      | Found a faded altar of an unknown god.
  4402 | D:4      | Reached XP level 6. HP: 52/55 MP: 7/7
  4584 | D:4      | Found an ancient bone altar of Kikubaaqudgha.
  4651 | D:4      | Reached ** piety under Lugonu
  4670 | D:4      | HP: 3/82 [orc priest/divine providence (16)]
  4680 | D:4      | HP: 1/55 [orc priest (4)]
  4681 | D:4      | Quit the game

Illustrated notes

Levels and vault maps discovered:
D:1:      sevenhm_arrival_forest_fort_large_2, layout_basic, minmay_tripent
D:2:      minmay_alternating_diamond, layout_loops_ring,
          amcnicky_mini_rare_corridor_liquid, grunt_decor_clamped,
          uniq_crazy_yiuf_cottage
D:3:      layout_loops_corners, minitemple, shapermc_ecumenical_altar_hornbeckon
D:4:      layout_basic, nicolae_kikubaaqudgha_miasma_corner

Skill      XL: |  1  2  3  4  5 |
---------------+----------------+-----
Axes           | 3 4 5 |  5.9
Fighting       | 4 |  4.9
Armour         | 3 |  3.6
Shields        | 1 2 |  2.6
Dodging        | |  0.7
Invocations    | |  2.4

Action                   |  1- 3 |  4- 6 || total
-------------------------+-------+-------++-------
Melee: Hand axe          |    89 |   160 ||   249
Invok: Depart the Abyss  |     1 |       ||     1
  Use: Potion            |       |     7 ||     7
Armor: Leather armour    |    37 |    61 ||    98
       Skin              |       |     6 ||     6
Dodge: Dodged            |    62 |    70 ||   132
Block: Buckler           |       |    21 ||    21

Table legend: (Time is in decaauts)
 A = Elapsed time spent in this place.
 B = Non-inter-level travel time spent in this place.
 C = Inter-level travel time spent in this place.
 D = Time resting spent in this place.
 E = Time spent auto-exploring this place.
 F = Levels seen in this place.
 G = Mean time per level.
                   A        B        C        D        E       F      G
               +--------+--------+--------+--------+--------+-----+--------+
         Total |   4747 |   4520 |    227 |    467 |   3459 |   5 |  949.4 |
       Dungeon |   4718 |   4491 |    227 |    467 |   3438 |   4 | 1179.5 |
         Abyss |     28 |     28 |      0 |      0 |     21 |   1 |   28.0 |
               +--------+--------+--------+--------+--------+-----+--------+

Top non-repeatable levels by time:
     D:2: 1932 daAuts
     D:1: 1134 daAuts
     D:3: 1110 daAuts
     D:4: 541 daAuts
 Abyss:1: 28 daAuts
